 Dungeon Crawl Stone Soup version 0.29.1-15-g9cfb28693d (webtiles) character file.

Game seed: 2866248357546038680

3641 Gabide the Grappler (level 9, -3/73 HPs)
             Began as a Mummy Berserker on Apr 16, 2023.
             Was a Priest of Trog.
             Slain by Joseph
             ... wielding a +0 quarterstaff
              (5 damage)
             ... on level 8 of the Dungeon.
             The game lasted 00:13:56 (9746 turns).

Gabide the Grappler (Mummy Berserker)               Turns: 9746, Time: 00:13:57

Health: -3/73      AC: 10    Str: 24    XL:     9   Next: 88%
Magic:  9/9        EV: 13    Int:  7    God:    Trog [***...]
Gold:   425        SH:  0    Dex: 11    Spells: 8/8 levels left

rFire   x . .      SeeInvis .     - Unarmed
rCold   + . .      Faith    .   (no shield)
rNeg    + + +      Spirit   .   i - +1 leather armour {rN+}
rPois   ∞          Reflect  .   p - +0 helmet
rElec   .          Harm     .   (no cloak)
rCorr   +          Rampage  .   l - +2 pair of gloves
Will    ++++.                   f - +1 pair of boots
Stlth   +.........              (no amulet)
HPRegen 1.22/turn               k - ring of resist corrosion
MPRegen 0.11/turn               n - ring of willpower

@: about to teleport, strong-willed (expiring), regenerating (expiring)
A: cold resistance 1, negative energy resistance 3, torment resistance 2, heat
vulnerability 1, in touch with death 1, no potions
a: Renounce Religion, Trog's Hand


You were on level 8 of the Dungeon.
You worshipped Trog.
Trog was most pleased with you.
You visited 1 branch of the dungeon, and saw 8 of its levels.

You collected 425 gold pieces.

Inventory:

Missiles
 m - 4 datura-tipped darts (quivered)
Armour
 b - a +0 ring mail
 f - a +1 pair of boots (worn)
 i - a +1 leather armour of positive energy (worn)
 l - a +2 pair of gloves (worn)
 p - a +0 helmet (worn)
Jewellery
 h - a ring of see invisible
 k - a ring of resist corrosion (left hand)
 n - a ring of willpower (right hand)
Scrolls
 a - 3 scrolls of teleportation
 c - 5 scrolls of magic mapping
 d - a scroll of poison
 e - a scroll of immolation
 g - 3 scrolls of identify
 j - a scroll of blinking


   Skills:
 + Level 7.7 Fighting
 - Level 1.5 Armour
 + Level 6.1 Dodging
 * Level 8.9 Unarmed Combat


You had 8 spell levels left.
You didn't know any spells.
Your spell library was empty.

Dungeon Overview and Level Annotations

Branches:
Dungeon (8/15)             Temple (0/1) D:7
   Lair: D:8-11

Altars:
Fedhas
Kikubaaqudgha

Shops:
D:6 :

Annotations:
D:8 Joseph


Innate Abilities, Weirdness & Mutations

You are immune to poison.
Your flesh is cold resistant. (rC+)
You are immune to negative energy. (rN+++)
You are immune to unholy pain and torment.
You are vulnerable to heat. (rF-)
You are in touch with the powers of death.
You do not drink.


Message History

You barely miss Joseph.
Joseph is moderately wounded.
Joseph hits you with a +0 quarterstaff.
You barely miss Joseph.
Joseph is moderately wounded.
Joseph misses you.
You punch Joseph!
Joseph is moderately wounded.
Your skin crawls.
You feel strong-willed. Joseph barely misses you.
Okay, then.
Unknown command.
You hit Joseph.
Joseph is heavily wounded.
Joseph hits you with a +0 quarterstaff.
You hit Joseph.
Joseph is heavily wounded.
Joseph hits you but does no damage.
You barely miss Joseph.
Joseph is heavily wounded.
Joseph barely misses you.
You closely miss Joseph.
Joseph is heavily wounded.
Joseph hits you with a +0 quarterstaff!!
* * * LOW HITPOINT WARNING * * *
Blink to where?
Press: ? - help, Dir - move target, f - you
Okay, then.
Unknown command.
As you read the scroll of teleportation, it crumbles to dust.
You feel strangely unstable.
You feel the effects of Trog's Hand fading.
Joseph hits you with a +0 quarterstaff!
* * * LOW HITPOINT WARNING * * *
You hit Joseph.
Joseph is heavily wounded.
Joseph says, "I'm happy to see you. And I'll be happy to kill you."
Joseph hits you with a +0 quarterstaff.
You die...

#.####### ###
#....[..# ..#
#######.# ##+##.#
#.# #..$..# #.#
#.....# #########.#
#.!...##...#....#.#
#.@........#.##.#.#
#..@.....#.#....#.##
#.....#....##...#..)
#######.#####.#.###.
#.# #.#.....
############ #.#
###.######
#..........######.#
#.......#
#.#.............#.#
#.#.###.#
#.#.######.####.#.#
#.#...#.# #...#
#..).#.#.###.#.#.#.#


You could see Joseph.

Vanquished Creatures
  Sigmund (D:6)
  A wyvern (D:8)
  2 steam dragons
  Menkaure (D:7)
  3 water moccasins
  An ice beast (D:7)
  An orc warrior (D:7)
  A kobold brigand (D:7)
  3 phantoms
  6 bullfrogs
  7 scorpions
  7 wights
  5 hounds
  A jelly (D:8)
  A gnoll bouda (D:7)
  2 orc priests (D:7)
  4 iguanas
  5 orc wizards (D:7)
  16 gnolls
  6 adders
  A shadow imp (D:7)
  4 white imps
  An ufetubus (D:6)
  3 worms
  14 orcs
  5 ball pythons
  7 bats
  9 endoplasms
  5 giant cockroaches
  4 goblins
  10 hobgoblins
  3 jackals (D:4)
  9 kobolds
  3 quokkas
  7 frilled lizards
  4 rats
163 creatures vanquished.

Vanquished Creatures (collateral kills)
  A vampire mosquito (D:6)
  A wight (D:6)
  An orc (D:6)
3 creatures vanquished.

Grand Total: 166 creatures vanquished

Notes
Turn   | Place    | Note
-------+----------+-------------------------------------------
     0 | D:1      | Gabide the Mummy Berserker began the quest for the Orb.
     0 | D:1      | Reached XP level 1. HP: 18/18 MP: 1/1
   330 | D:1      | Found a faded altar of an unknown god.
   346 | D:1      | Reached XP level 2. HP: 22/24 MP: 2/2
   939 | D:1      | Reached skill level 3 in Unarmed Combat
  1116 | D:2      | Gained mutation: You are in touch with the powers of death.
                  | [Mummy growth]
  1116 | D:2      | Reached XP level 3. HP: 26/29 MP: 3/3
  1167 | D:2      | Reached ** piety under Trog
  1249 | D:2      | Identified the +8 dagger of Bestroli {flame, rN+ MP+9}
  1270 | D:2      | Reached XP level 4. HP: 10/36 MP: 4/4
  2094 | D:3      | Found a blossoming altar of Fedhas.
  3011 | D:4      | Reached XP level 5. HP: 29/42 MP: 5/5
  3362 | D:4      | Reached skill level 4 in Unarmed Combat
  3526 | D:3      | Reached XP level 6. HP: 24/48 MP: 6/6
  4196 | D:5      | Entered Level 5 of the Dungeon
  4374 | D:5      | Reached skill level 5 in Unarmed Combat
  4374 | D:5      | Reached XP level 7. HP: 47/55 MP: 7/7
  4747 | D:5      | Reached skill level 5 in Fighting
  5186 | D:5      | Found an ancient bone altar of Kikubaaqudgha.
  5657 | D:6      | Reached skill level 6 in Unarmed Combat
  5657 | D:6      | Reached XP level 8. HP: 61/63 MP: 8/8
  6017 | D:6      | Reached *** piety under Trog
  6630 | D:6      | Reached skill level 7 in Unarmed Combat
  6712 | D:6      | Found Camn's Book Shoppe.
  7091 | D:6      | Noticed Sigmund
  7107 | D:6      | Reached skill level 5 in Dodging
  7119 | D:6      | Killed Sigmund
  7120 | D:6      | Reached XP level 9. HP: 25/71 MP: 9/9
  7959 | D:7      | Reached skill level 8 in Unarmed Combat
  8266 | D:7      | Noticed Menkaure
  8278 | D:7      | Killed Menkaure
  8764 | D:7      | Found a staircase to the Ecumenical Temple.
  9729 | D:8      | Noticed Joseph
  9745 | D:8      | HP: 1/73 [Joseph/+0 quarterstaff (10)]
  9746 | D:8      | Slain by Joseph

Illustrated notes

Levels and vault maps discovered:
D:1:      dpeg_arrival_tiny_i, layout_basic, chequers_ecumenical_altar_twisty,
          nicolae_concentric_dashed_squares_mild
D:2:      layout_basic, minmay_fountain_box, minmay_indecisive_spiral
D:3:      layout_loops_ring, fedhas_altar_3, amcnicky_mini_pool_small,
          minmay_misc_feat_enclosed
D:4:      layout_rooms
D:5:      layout_basic, lemuel_doored_altar, dk_noncrumbling_4, feat_on_display
D:6:      layout_loops_corners, serial_shops, shop, uniq_sigmund
D:7:      layout_loops_ring, minmay_temple_entry_glassed_door, minmay_bent,
          uniq_menkaure
D:8:      layout_basic, serial_shops, nicolae_shop_bloodbath_and_beyond,
          minmay_shop_grid_forest, uniq_maurice, uniq_joseph, uniq_amaemon

Skill      XL: |  1  2  3  4  5  6  7  8  9 |
---------------+----------------------------+-----
Unarmed Combat | 3 4 5 6 7 8 |  8.9
Dodging        | 2 3 4 5 6 |  6.1
Fighting       | 4 5 6 7 |  7.7
Armour         | |  1.5

Action                   |  1- 3 |  4- 6 |  7- 9 || total
-------------------------+-------+-------+-------++-------
Melee: Unarmed           |   109 |       |   226 ||   335
       Punch             |     1 |     3 |    20 ||    24
       Dagger            |    12 |   146 |   185 ||   343
Invok: Trog's Hand       |     1 |     4 |     5 ||    10
Evoke: Wand              |       |       |     7 ||     7
  Use: Scroll            |     2 |     6 |     7 ||    15
Armor: Ring mail         |    45 |     1 |       ||    46
       Leather armour    |       |    46 |   123 ||   169
Dodge: Dodged            |    84 |    85 |   246 ||   415
